 Dungeon Sprint DCSS version 0.30-a0-860-g512cf1e979 (webtiles) character file.

Game seed: 5233921784786012670

9 octoduck the Chopper (level 2, -5/26 HPs)
             Began as a Hill Orc Fighter on Mar 8, 2023.
             Killed from afar by an oklob sapling (31 damage)
             ... with a splash of acid
             ... in the Dungeon (Sprint IV: "Fedhas' Mad Dash").
             The game lasted 00:00:19 (41 turns).

octoduck the Chopper (Hill Orc Fighter)               Turns: 41, Time: 00:00:20

Health: -5/26      AC:  6    Str: 18    XL:     2   Next: 16%
Magic:  2/2        EV:  9    Int:  8    God:
Gold:   0          SH:  4    Dex: 10    Spells: 1/1 levels left

rFire   . . .      SeeInvis .    a - +0 war axe
rCold   . . .      Faith    .    c - +0 buckler
rNeg    . . .      Spirit   .    b - +0 scale mail
rPois   .          Reflect  .    (no helmet)
rElec   .          Rampage  .    (no cloak)
rCorr   .          NoTele   +    (no gloves)
Will    .....                    (no boots) Stlth
                                 (no amulet)
HPRegen 0.24/turn                (no ring)
MPRegen 0.08/turn                (no ring)

@: no status effects
A: no striking features
a: no special abilities


You were in the Dungeon.
You visited 1 branch

Inventory:

Hand Weapons
 a - a +0 war axe (weapon)
Armour
 b - a +0 scale mail (worn)
 c - a +0 buckler (worn)
Scrolls
 j - a scroll of blinking
 k - a scroll of amnesia {unknown}
Potions
 d - a potion of might
 e - a potion of curing
 f - a potion of heal wounds
 g - a potion of haste
 h - 2 potions of magic
 i - a potion of berserk rage


   Skills:
 - Level 3.6 Fighting
 + Level 6.1 Axes
 - Level 3.2 Armour
 - Level 3.2 Shields


You had one spell level left.
You didn't know any spells.
Your spell library was empty.

Dungeon Overview and Level Annotations

Branches:
Dungeon (1/1)

Altars:

Annotations:
D exclusion: oklob sapling


Message History

You hit the river rat.
The river rat is lightly wounded.
You hit the fungus.
The fungus begins to die.
You slash the fungus! x2
The river rat bites you.
You closely miss the river rat.
The river rat is lightly wounded.
You hit the fungus. x2; You slash the fungus!
A nearby fungus withers and dies. x2
The rat twitches its whiskers.
The river rat closely misses you. The river rat barely misses you.
You hit the river rat.
The river rat is heavily wounded.
You slash the fungus!
A nearby fungus withers and dies.
The river rat closely misses you.
You hit the river rat but do no damage.
The river rat is heavily wounded.
The river rat bites you but does no damage.
You slash the river rat!
You kill the river rat!
Your Axes skill gained 4 levels and is now at level 6!
You have reached level 2!
You barely miss the rat. The rat bites you.
Unknown command.
You slash the rat!
You kill the rat!
There is an open door, spattered with blood here.
You see here a rat corpse.
You start resting.
HP restored.
k - a scroll labelled ATIOSU JESSE You open the door.
An oklob sapling comes into view.
Marking area around an oklob sapling as unsafe for travelling.
Found 33 gold pieces.
Really walk into a travel-excluded area?
There is an open door here.
You hit the oklob sapling but do no damage.
The oklob sapling spits acid at you. The splash of acid hits you!!
Ouch! That really hurt!
You die...

##################
#<..†#.....#.$$$$#
#PP..†.....@.#
#PP..#.....#P#
##############


You could see an oklob sapling.

Vanquished Creatures
  A river rat (D)
  A rat (D)
2 creatures vanquished.

Vanquished Creatures (others)
  3 fungi (D)
3 creatures vanquished.

Grand Total: 5 creatures vanquished

Notes
Turn   | Place    | Note
-------+----------+-------------------------------------------
     0 | D        | octoduck the Hill Orc Fighter began the quest for the Orb.
     0 | D        | Reached XP level 1. HP: 19/19 MP: 1/1
    13 | D        | Reached skill level 6 in Axes
    13 | D        | Reached XP level 2. HP: 22/26 MP: 2/2
    37 | D        | Noticed an oklob sapling
    41 | D        | Killed from afar by an oklob sapling

Illustrated notes

Levels and vault maps discovered:
D:        dungeon_sprint_fedhas [sprint_temple]

Skill      XL: |  1 |
---------------+----+-----
Axes           | 6 |  6.1
Fighting       | |  3.6
Armour         | |  3.2
Shields        | |  3.2

Action                     || total
---------------------------++-------
  Melee: War axe           ||     9
 Armour: Scale mail        ||     2
  Dodge: Dodged            ||     3

Table legend: (Time is in decaauts)
 A = Elapsed time spent in this place.
 B = Non-inter-level travel time spent in this place.
 C = Inter-level travel time spent in this place.
 D = Time resting spent in this place.
 E = Time spent auto-exploring this place.
 F = Levels seen in this place.
 G = Mean time per level.
                   A        B        C        D        E       F      G
               +--------+--------+--------+--------+--------+-----+--------+
         Total |     43 |     43 |      0 |     15 |      0 |   1 |   43.0 |
       Dungeon |     43 |     43 |      0 |     15 |      0 |   1 |   43.0 |
               +--------+--------+--------+--------+--------+-----+--------+

Top non-repeatable levels by time:
       D: 43 daAuts
